cohdb
Replays
Latest Replays
All Replays
Popular Replays
Top Player Replays
Match Explorer
How It Works
Community
CoH3 Stats
Reddit
Sign in to upload your games and track your stats! →
Sign in with Steam
Match 46042588
Unlisted
Match 46042588
Overview
Messages
Build Orders
End
Construct Infanterie Kompanie
Selects Luftwaffe Battlegroup
Selects Luftwaffe Pioneer Support
Fallschirmpioneer Squad Paradrop
MG 42 Machine Gun Team
Fallschirmpioneer Squad Paradrop
Selects LG40 Recoilless Gun Paradrop
Grenadier Squad
Construct Luftwaffe Kompanie
221 Scout Car
Jäger Squad
Medical Bunker
Jäger Squad
Luftwaffe Officer Quarters
Construct Panzer Kompanie
Selects Infantry Reserves
Selects Stuka Strafing Run
Panzer IV Medium Tank
Selects Fallschirmjäger Squad Paradrop
Stoßtruppen Squad
Panzer IV Medium Tank
Panzer Officer Quarters
Selects Stuka Loiter
Jäger Squad
Stuka Loiter
Panzer IV Medium Tank
Stuka Strafing Run
Sturmpanzer IV Brummbär
Stuka Loiter
Sturmpanzer IV Brummbär
Jäger Squad
Jäger Squad
Jäger Squad
T.R. Olvadi
Nico-Nico-Nii~~
wallap
RainbowDurr
0
0
Comments
sign in to comment!
No comments posted yet!